cohdb
Replays
Latest Replays
All Replays
Popular Replays
Top Player Replays
Match Explorer
How It Works
Community
CoH3 Stats
Reddit
Sign in to upload your games and track your stats! →
Sign in with Steam
Match 44143951
Unlisted
Match 44143951
Overview
Messages
Build Orders
End
Selects Airborne Battlegroup
Selects Heavy Machine Gun Paradrop
Heavy Machine Gun Paradrop
Engineer Squad
Heavy Machine Gun Paradrop
Air Support Center
Construct Weapon Support Center
Grasshopper Recon Run
P-47 Strafing Run
M3 Armored Personnel Carrier
Bazooka Squad
P-47 Dive Bomb
Selects Paratrooper Squad Paradrop
Grasshopper Recon Run
P-47 Strafing Run
Bazooka Squad
.30 cal Machine Gun
Paratrooper Squad Paradrop
P-47 Strafing Run
Grasshopper Recon Run
Construct Tank Depot
P-47 Strafing Run
P-47 Dive Bomb
P-47 Strafing Run
Grasshopper Recon Run
P-47 Dive Bomb
SamBlips
抖音呆呆河马-英3小程序
천공
梧桐
SkenZ
GurU
Skeny
UncleBuck
0
0
Comments
sign in to comment!
No comments posted yet!